Map: Rorschach LE

Players

Hipertex - Winner!

  • Race: Protoss Protoss
  • League: Diamond

VilugArZa

  • Race: Zerg Zerg
  • League: Platinum

VOD

Have the link to the VOD?

Description

Time

  • Played on: Aug. 12, 2026, 11:32 p.m.
  • Length: 6:30
Show
View Real Time Build Order
Export as new Build Order

Hipertex Protoss - Winner!

Build Orders: Zealot Archon 

Get SALT Encoding   

  8  0:00  Probe (Chrono Boost)  
  9  0:12  Probe (Chrono Boost)  
  10  0:21  Probe (Chrono Boost)  
  11  0:26  Probe  
  12  0:33  Pylon  
  12  0:38  Probe  
  13  0:51  Probe  
  14  1:03  Probe  
  15  1:15  Probe  
  16  1:25  Nexus  
  16  1:27  Probe  
  17  1:33  Assimilator  
  17  1:39  Probe (Chrono Boost)  
  18  1:42  Pylon  
  18  1:51  Probe (Chrono Boost)  
  18  1:52  Assimilator  
  19  1:58  Probe (Chrono Boost)  
  20  2:05  Probe  
  20  2:07  Forge  
  21  2:17  Probe  
  21  2:22  Gateway  
  23  2:30  Probe  
  23  2:37  Probe (Chrono Boost)  
  23  2:41  Photon Cannon  
  25  2:46  Probe (Chrono Boost)  
  25  2:49  Probe (Chrono Boost)  
  26  2:56  Probe (Chrono Boost)  
  26  2:58  Probe (Chrono Boost)  
  28  3:03  Probe (Chrono Boost)  
  30  3:06  Protoss Ground Weapons Level 1, Probe (Chrono Boost)  
  30  3:10  Probe (Chrono Boost)  
  30  3:12  Cybernetics Core  
  31  3:15  Probe (Chrono Boost)  
  34  3:20  Zealot  
  34  3:25  Probe (Chrono Boost)  
  34  3:26  Pylon  
  35  3:28  Probe (Chrono Boost)  
  35  3:32  Probe  
  35  3:33  Assimilator  
  37  3:38  Assimilator  
  37  3:39  Probe  
  38  3:44  Probe  
  39  3:48  Warp Gate (Chrono Boost)  
  39  3:51  Probe  
  40  3:55  Twilight Council  
  40  3:56  Probe  
  40  4:00  Gateway  
  40  4:02  Gateway  
  41  4:03  Probe  
  41  4:07  Pylon  
  41  4:08  Probe  
  43  4:15  Probe  
  44  4:20  Gateway  
  44  4:21  Probe  
  45  4:27  Gateway  
  46  4:33  Probe  
  46  4:34  Probe  
  46  4:38  Pylon  
  47  4:41  Charge (Chrono Boost)  
  47  4:46  Templar Archives  
  47  5:04  Gateway x2  
  47  5:07  Probe  
  47  5:08  Probe  
  49  5:25  High Templar  
  49  5:26  High Templar x3  
  49  5:28  Zealot  
  59  5:36  Archon  
  59  5:37  Archon  
  59  5:46  Pylon  
  59  5:47  Pylon  
  59  5:50  Pylon  
  59  5:51  Zealot  
  61  6:01  Zealot x2  
  65  6:06  Pylon  
  65  6:26  Shield Battery  
  65  6:28  Zealot x4  
  65  6:29  Zealot x3, Nexus  
Show
View Real Time Build Order
Export as new Build Order

VilugArZa Zerg 

Build Orders: Pool First 

Get SALT Encoding   

  8  0:00  Drone  
  9  0:14  Drone  
  9  0:16  Drone  
  11  0:22  Drone  
  12  0:33  Overlord  
  12  0:49  Extractor x2, Drone x2  
  14  0:59  Drone  
  16  1:04  Drone  
  16  1:15  Extractor  
  16  1:18  Spawning Pool, Drone  
  15  1:25  Drone  
  16  1:34  Drone  
  17  1:46  Drone  
  18  1:58  Drone  
  18  1:59  Hatchery  
  18  2:05  Drone  
  19  2:14  Drone  
  20  2:19  Metabolic Boost  
  20  2:29  Overlord  
  20  2:36  Overlord  
  20  2:42  Extractor  
  19  2:44  Drone  
  20  2:53  Overlord  
  20  3:06  Drone  
  21  3:16  Queen  
  21  3:18  Zergling x2  
  21  3:19  Zergling x2  
  25  3:21  Queen  
  25  3:26  Overlord  
  27  3:32  Zergling x4  
  29  3:38  Overlord  
  29  3:55  Zergling x2  
  30  3:56  Zergling x6  
  33  4:04  Drone x2  
  35  4:11  Drone  
  34  4:32  Lair  
  34  4:36  Drone x7  
  41  4:50  Drone x3  
  41  4:51  Drone x2  
  46  5:02  Drone  
  46  5:03  Drone  
  48  5:11  Overlord  
  48  5:15  Extractor  
  48  5:16  Drone x3  
  48  5:17  Drone x2, Extractor  
  51  5:23  Overlord  
  51  5:33  Pneumatized Carapace  
  51  5:41  Drone  
  51  5:42  Drone x3  
  55  5:49  Hatchery  
  54  5:56  Spire  
  53  6:05  Zergling x2  
  53  6:06  Zergling x4  
Tags
 
Add a new tag
Caveats
  • Supply blocks, unpowered buildings, or Contaminate may cause inaccurate times.
  • Supply counts are checked every 10 seconds.